 Dungeon Crawl Stone Soup version 0.24-a0-520-g8fd06ad0bc (webtiles) character file.

Game seed: 12889335941147911929

1638873 KapersCrawl the Unseen (level 27, 217/217 HPs)
             Began as a Gnoll Wizard on July 23, 2019.
             Was the Champion of Kikubaaqudgha.
             Escaped with the Orb
             ... and 3 runes on July 24, 2019!
             The game lasted 07:07:34 (75722 turns).

KapersCrawl the Unseen (Gnoll Wizard)              Turns: 75722, Time: 07:07:35

Health: 217/217    AC: 33    Str: 22    XL:     27
Magic:  41/41      EV: 29    Int: 24    God:    Kikubaaqudgha [******]
Gold:   5690       SH: 12    Dex: 22    Spells: 4/63 levels left

rFire    + + .     SeeInvis +   w - +9 demon trident (elec)
rCold    + . .     Gourm    .   S - +2 buckler of the Sun {rN+ Str+6 Int-3}
rNeg     + + .     Faith    .   X - +4 faerie dragon scales {rC+ rN+ rCorr Str-4 Dex+3}
rPois    +         Spirit   .   z - +2 helmet {SInv}
rElec    +         Reflect  .   I - +2 cloak {MR+}
rCorr    +         Harm     .   Z - +2 pair of gloves {Str+3}
MR       ++++.                  f - +1 pair of boots "Cutaugal" {rF+ Str+4}
Stlth    +++.......             g - amulet "Quhekk" {RegenMP rElec}
HPRegen  0.46/turn              n - ring of wizardry {=R}
MPRegen  0.52/turn              B - ring of Geukeogu {rF+ Dex+4}

@: studying Stealth, deflect missiles
A: distributed training, fangs 1, thin metallic scales 1, yellow scales 1,
camouflage 1, deterioration 1, low mp 1, magic resistance 1, poison resistance,
screaming 1, electricity resistance, weak 1, wild magic 2, strong nose
0: Orb of Zot
}: 3/15 runes: barnacled, silver, gossamer
a: Receive Corpses, Torment, Renounce Religion


You escaped.
You worshipped Kikubaaqudgha.
Kikubaaqudgha was exalted by your worship.
You were near starving.

You visited 12 branches of the dungeon, and saw 53 of its levels.
You visited 1 bazaar.
You also visited: Trove and Ice Cave.

You collected 8614 gold pieces.
You spent 2924 gold pieces at shops.

Inventory:

Hand Weapons
 w - a +9 demon trident of electrocution (weapon)
Missiles
 u - 8 boomerangs of dispersal (quivered)
Armour
 f - the +1 pair of boots "Cutaugal" (worn) {rF+ Str+4}
   (You found it in a treasure trove)

   It affects your strength (+4).
   It protects you from fire.
 z - a +2 helmet of see invisible (worn)
 I - a +2 cloak of magic resistance (worn)
 S - the +2 buckler of the Sun (worn) {rN+ Str+6 Int-3}
   (You bought it in a shop in a bazaar)

   It affects your strength (+6).
   It affects your intelligence (-3).
   It protects you from negative energy.
 X - the +4 faerie dragon scales (worn) {rC+ rN+ rCorr Str-4 Dex+3}
   (You took it off the Enchantress on level 1 of the Depths)

   It affects your strength (-4).
   It affects your dexterity (+3).
   It protects you from cold.
   It protects you from negative energy.
   It provides partial protection from all sources of acid and corrosion.
 Z - a +2 pair of gloves of strength (worn)
Magical Staves
 W - an uncursed staff of energy
Jewellery
 g - the amulet "Quhekk" (around neck) {RegenMP rElec}
   (You found it on level 5 of the Vaults)

   [amulet of magic regeneration]

   It increases your magic regeneration.
   It insulates you from electricity.
 m - an uncursed ring of protection from magic
 n - a ring of wizardry (left hand) {=R}
 q - an uncursed ring of protection from cold
 B - the ring of Geukeogu (right hand) {rF+ Dex+4}
   (You acquired it on level 3 of the Elven Halls)

   [ring of dexterity]

   It affects your dexterity (+4).
   It protects you from fire.
Wands
 y - a wand of paralysis (82)
 D - a wand of enslavement (25)
 J - a wand of acid (13)
 K - a wand of disintegration (28)
 L - a wand of iceblast (43)
 O - a wand of scattershot (2)
 R - a wand of clouds (4)
 T - a wand of digging (7)
Scrolls
 c - 21 scrolls of remove curse
 h - 10 scrolls of magic mapping
 j - 4 scrolls of blinking
 k - 3 scrolls of fog
 p - 19 scrolls of teleportation
 A - 8 scrolls of immolation
 C - a scroll of summoning
 F - 10 scrolls of fear
 H - 5 scrolls of identify
 Q - 3 scrolls of silence
 U - a scroll of amnesia
Potions
 a - 21 potions of curing
 i - 3 potions of haste
 l - 9 potions of might
 o - 4 potions of agility
 s - 9 potions of heal wounds
 t - a potion of resistance
 v - 2 potions of magic
 x - 9 potions of flight
 E - a potion of invisibility
 G - 12 potions of ambrosia
 N - 4 potions of cancellation
 P - 5 potions of mutation
 V - 7 potions of brilliance
Books
 e - a manual of Stealth
Miscellaneous
 b - 2 boxes of beasts
 r - 4 phantom mirrors
 M - a lamp of fire
Comestibles
 d - 69 rations


   Skills:
 + Level 18.0 Fighting
 + Level 18.0 Short Blades
 + Level 18.0 Long Blades
 + Level 18.0 Axes
 + Level 18.0 Maces & Flails
 + Level 18.0 Polearms
 + Level 18.0 Staves
 + Level 18.0 Slings
 + Level 18.0 Bows
 + Level 18.0 Crossbows
 + Level 18.0 Throwing
 + Level 18.0 Armour
 + Level 18.4 Dodging
 + Level 20.5 Stealth
 + Level 18.0 Shields
 + Level 18.0 Unarmed Combat
 + Level 18.9 Spellcasting
 + Level 15.6 Conjurations
 + Level 15.5 Hexes
 + Level 15.5 Charms
 + Level 15.6 Summonings
 + Level 15.5 Necromancy
 + Level 15.6 Translocations
 + Level 15.5 Transmutations
 + Level 15.5 Fire Magic
 + Level 15.5 Ice Magic
 + Level 15.5 Air Magic
 + Level 15.5 Earth Magic
 + Level 15.5 Poison Magic
 + Level 19.3 Invocations
 + Level 18.0 Evocations


You had 4 spell levels left.
You knew the following spells:

 Your Spells              Type           Power        Failure   Level  Hunger
a - Iron Shot             Conj/Erth      ########..   1%          6    ###....
b - Haunt                 Necr/Summ      ########..   3%          7    #####..
c - Spectral Weapon       Hex/Chrm       ########     1%          3    None
d - Borgnjor's Vile Clut  Necr/Erth      ########..   1%          5    None
e - Mephitic Cloud        Conj/Pois/Air  ########     1%          3    None
f - Dispel Undead         Necr           ########     1%          5    None
g - Apportation           Tloc           ######       1%          1    None
h - Passage of Golubria   Tloc           N/A          1%          4    None
i - Conjure Flame         Conj/Fire      ########     1%          3    None
j - Death Channel         Necr           ########..   1%          6    ###....
k - Blink                 Tloc           N/A          1%          2    None
o - Animate Skeleton      Necr           N/A          1%          1    None
p - Deflect Missiles      Chrm/Air       ########..   1%          6    ###....
q - Regeneration          Chrm/Necr      ########..   1%          3    None
v - Animate Dead          Necr           N/A          1%          4    None

Your spell library contained the following spells:

 Spells                   Type           Power        Failure   Level  Hunger
 Beastly Appendage        Tmut           ######       1%          1    None
 Confusing Touch          Hex            ######       1%          1    None
 Corona                   Hex            #######      1%          1    None
 Flame Tongue             Conj/Fire      #####        1%          1    None
 Freeze                   Ice            ####         1%          1    None
 Infusion                 Chrm           ####         1%          1    None
 Magic Dart               Conj           ####         1%          1    None
 Pain                     Necr           ####         1%          1    None
 Sting                    Conj/Pois      ####         1%          1    None
 Summon Butterflies       Summ           ########     1%          1    None
 Summon Small Mammal      Summ           ####         1%          1    None
 Call Imp                 Summ           ########     1%          2    None
 Corpse Rot               Necr           N/A          1%          2    None
 Ensorcelled Hibernation  Hex/Ice        ######       1%          2    None
 Passwall                 Tmut/Erth      ########     1%          2    None
 Poisonous Vapours        Pois/Air       ######       1%          2    None
 Shroud of Golubria       Chrm/Tloc      ######       1%          2    None
 Slow                     Hex            ########     1%          2    None
 Song of Slaying          Chrm           ########     1%          2    None
 Sticks to Snakes         Tmut           ########     1%          2    None
 Sublimation of Blood     Necr           ########..   1%          2    None
 Swiftness                Chrm/Air       ########     1%          2    None
 Throw Frost              Conj/Ice       ######       1%          2    None
 Call Canine Familiar     Summ           ########     1%          3    None
 Confuse                  Hex            ########     1%          3    None
 Dazzling Spray           Conj/Hex       ######       1%          3    None
 Gell's Gravitas          Tloc           ########..   1%          3    None
 Ignite Poison            Fire/Tmut/Pois ########     1%          3    None
 Inner Flame              Hex/Fire       ########     1%          3    None
 Lesser Beckoning         Tloc           ########..   1%          3    None
 Ozocubu's Armour         Chrm/Ice       ########     1%          3    None
 Portal Projectile        Hex/Tloc       ######       1%          3    None
 Recall                   Summ/Tloc      N/A          1%          3    None
 Spider Form              Tmut/Pois      ########..   1%          3    None
 Teleport Other           Tloc           ########     1%          3    None
 Tukima's Dance           Hex            ########     1%          3    None
 Vampiric Draining        Necr           ########..   1%          3    None
 Cause Fear               Hex            ########..   1%          4    None
 Fulminant Prism          Conj/Hex       ########..   1%          4    None
 Ice Form                 Ice/Tmut       ########     1%          4    None
 Leda's Liquefaction      Hex/Erth       ########..   1%          4    None
 Olgreb's Toxic Radiance  Pois           ########     1%          4    None
 Petrify                  Tmut/Erth      ########     1%          4    None
 Summon Ice Beast         Ice/Summ       ########     1%          4    None
 Summon Lightning Spire   Summ/Air       ########     1%          4    None
 Throw Icicle             Conj/Ice       ########     1%          4    None
 Agony                    Necr           ########     1%          5    None
 Alistair's Intoxication  Tmut/Pois      ########     1%          5    None
 Blade Hands              Tmut           ########..   1%          5    None
 Bolt of Draining         Conj/Necr      ########..   1%          5    None
 Bolt of Magma            Conj/Fire/Erth ########..   1%          5    None
 Excruciating Wounds      Chrm/Necr      ########..   1%          5    None
 Fireball                 Conj/Fire      ########..   1%          5    None
 Irradiate                Conj/Tmut      ########..   1%          5    None
 Iskenderun's Battlesphe  Conj/Chrm      ########     1%          5    None
 Lee's Rapid Deconstruct  Erth           ########..   1%          5    None
 Lightning Bolt           Conj/Air       ########..   1%          5    None
 Silence                  Hex/Air        ########..   1%          5    None
 Summon Demon             Summ           ########..   1%          5    None
 Summon Forest            Summ/Tloc      ########..   1%          5    None
 Summon Mana Viper        Hex/Summ       ########     1%          5    None
 Venom Bolt               Conj/Pois      ########..   1%          5    None
 Yara's Violent Unravell  Hex/Tmut       ########..   1%          5    None
 Conjure Ball Lightning   Conj/Air       ########..   1%          6    ###....
 Darkness                 Hex            ########..   1%          6    ###....
 Freezing Cloud           Conj/Ice/Air   ########..   1%          6    ###....
 Invisibility             Hex            ########     1%          6    ###....
 Shadow Creatures         Summ           N/A          1%          6    ###....
 Simulacrum               Ice/Necr       ########..   1%          6    ###....
 Statue Form              Tmut/Erth      ########.    1%          6    ###....
 Malign Gateway           Summ/Tloc      ########..   3%          7    #####..
 Monstrous Menagerie      Summ           ########..   3%          7    #####..
 Orb of Destruction       Conj           ########..   3%          7    #####..
 Spellforged Servitor     Conj/Summ      ########..   3%          7    #####..
 Summon Greater Demon     Summ           ########..   3%          7    #####..
 Summon Hydra             Summ           ########..   3%          7    #####..
 Ring of Flames           Chrm/Fire      ########..   4%          7    #####..
 Borgnjor's Revivificati  Necr           ########..   19%         8    ######.
 Death's Door             Chrm/Necr      ########..   19%         8    ######.
 Discord                  Hex            ########..   19%         8    ######.
 Infestation              Necr           ########..   19%         8    ######.
 Necromutation            Tmut/Necr      ########..   19%         8    ######.
 Summon Horrible Things   Summ           ########..   19%         8    ######.
 Shatter                  Erth           ########..   89%         9    #######
 Tornado                  Air            ########..   89%         9    #######


Dungeon Overview and Level Annotations

Branches:
Dungeon (15/15)            Temple (1/1) D:4            Lair (6/6) D:8
 Shoals (4/4) Lair:3       Spider (4/4) Lair:4        Slime (2/5) Lair:5
    Orc (2/2) D:11            Elf (3/3) Orc:2        Vaults (5/5) D:14
  Crypt (1/3) Vaults:2     Depths (5/5) D:15            Zot (5/5) Depths:5

Altars:
Ashenzari
Cheibriados
Dithmenos
Elyvilon
Fedhas
Gozag
Hepliaklqana
Kikubaaqudgha
Makhleb
Nemelex Xobeh
Okawaru
Qazlal
Ru
Sif Muna
Trog
Uskayaw
Vehumet
Wu Jian
Xom
Yredelemnul
Zin
The Shining One
Beogh
Jiyva

Shops:
Orc:2 *([*:   Shoals:2 =   Vaults:1 [   Depths:1 ?}}=

Portals:
Hell: Depths:1 Depths:2 Depths:3 Depths:4 Depths:5
Abyss: Depths:1 Depths:2 Depths:4
Pandemonium: Depths:3 Depths:5
Ziggurat: Depths:4

Annotations:
D:2 exclusion: downstairs
D:3 exclusion: 2 downstairs
D:4 1 runed translucent door
D:5 exclusion: downstairs
D:12 exclusion: downstairs
Lair:1 exclusion: zombie
Lair:3 exclusion: downstairs
Depths:1 exclusion: downstairs
Zot:1 exclusion: downstairs
Zot:2 exclusion: curse toe
Zot:5 Tiamat
Abyss:1 Sonja


Innate Abilities, Weirdness & Mutations

Your experience applies equally to all skills.
You have very sharp teeth.
Your uncanny sense of smell can sniff out nearby items.
You are partially covered in thin metallic scales. (AC +2)
You are partially covered in yellow scales. (AC +2)
Your skin changes colour to match your surroundings (Stealth+).
Your body sometimes deteriorates upon taking damage.
Your magical capacity is low. (-10% MP)
You are resistant to hostile enchantments. (MR+)
Your system is resistant to poisons. (rPois)
You occasionally shout uncontrollably at your foes.
You are resistant to electric shocks. (rElec)
You are weak. (Str -2)
Your spells are harder to cast, but more powerful.


Message History

Where to? (Enter - D:1, ? - help) Magic restored.
There is a stone staircase leading up here.
You climb upwards.
Your mindless thralls stay behind.
Level annotation: exclusion: 2 downstairs
There is a stone staircase leading down here.
There is a stone staircase leading up here.
You climb upwards.
Level annotation: exclusion: downstairs
There is a stone staircase leading down here.
There is a stone staircase leading up here.
You climb upwards.
There is a stone staircase leading down here.
Your unholy channel is weakening.
There is an open door here.
Your unholy channel expires.
There is an open door here.
There is a staircase leading out of the dungeon here.
HP restored.
You have escaped!

........#####.###.##..###....#.##
........#...#.....###...#......##
.......##.#.#####.#####.##.......
......'#..#.....#..####.##+......
......#..######.##.....[#.#...###
##.#.#####...##.#..######.##..###
#.#.#...#.#.##'#'## #....##.....
#>#.#.#.#.#.##...####.#.###.....
#.#.'.#.#.#..+.@.'..#.#.#.'.....
##.#.###.#.#.##...##.#.#.#.#.....
.....##....#.##'#'##.#.#...#.....
##...##.####.#..#.##...#####.##..
#.#..#.#....#.##.######..#......
#.#..+##.####..#.4...#..#'..#..#
#.#...##.#####.#####.#.##.....##
#.#....#...###.....#...#....####
##......###..##.###.#####....###.


You could see an ice devil.

Vanquished Creatures
  4 orbs of fire
  4 ancient liches
  2 juggernauts
  The ghost of Armakuni the Pyromancer, a legendary HuAr of Elyvilon (Zot:5)
  A Killer Klown (Zot:5)
  Margery (Depths:4)
  A caustic shrike (shapeshifter) (Depths:5)
  A caustic shrike (Depths:2)
  Xtahua (Vaults:3)
  Jory (Vaults:4)
  4 golden dragons
  the Enchantress (Depths:1)
  4 liches
  An electric golem (Zot:5)
  The ghost of milododd the Lord of Darkness, an adept DsNe of Kikubaaqudgha (Vaults:1)
  A bone dragon (Depths:5)
  Jorgrun (Elf:2)
  14 Orb Guardians (Zot:5)
  5 tentacled monstrosities
  2 titans
  2 deep elf master archers (Elf:3)
  A deep elf blademaster (Elf:3)
  An acid blob (Slime:2)
  7 quicksilver dragons
  A death cob (Zot:3)
  An ancient champion (Vaults:2)
  7 draconian monks
  3 sphinxes
  Kirke (Spider:2)
  6 tengu reavers
  2 shadow dragons (Vaults:5)
  An azure jelly (Slime:2)
  9 fire giants
  8 storm dragons
  A draconian knight (Zot:4)
  8 deep elf sorcerers
  8 frost giants
  An iron dragon (Depths:5)
  13 vault wardens
  8 ghost moths
  7 emperor scorpions
  3 draconian scorchers
  2 orc warlords
  14 ironheart preservers
  A small abomination (Vaults:5)
  3 draconian annihilators
  2 draconian stormcallers
  3 deep elf elementalists (Elf:3)
  2 draconian shifters
  17 very ugly things
  12 spriggan defenders
  3 war gargoyles
  6 entropy weavers
  20 stone giants
  7 deep elf demonologists
  3 vampire knights
  Nessos (D:15)
  8 deep elf annihilators
  6 green draconians
  4 black draconians
  2 spark wasps (Spider:4)
  7 red draconians
  9 white draconians
  3 purple draconians
  7 yellow draconians
  Snorg (Lair:3)
  A fire dragon (shapeshifter) (Depths:4)
  4 deep elf death magi
  8 ettins
  5 merfolk impalers
  7 fire dragons
  16 yaktaur captains
  17 great orbs of eyes
  A jiangshi (Depths:2)
  16 ogre magi
  3 deep elf high priests (Elf:3)
  Harold (D:7)
  6 hydras
  8 ice dragons
  12 centaur warriors
  A catoblepas (Lair:6)
  23 vault guards
  2 merfolk avatars (Shoals:4)
  2 rakshasas
  7 spriggan air magi
  2 hell beasts
  An alligator snapping turtle (Shoals:4)
  2 death knights
  29 dancing weapons
  A satyr (Shoals:3)
  2 death yaks (Lair:6)
  5 deep troll earth magi
  8 deep troll shamans
  A vampire mage (Depths:2)
  28 two-headed ogres
  4 hell hogs (D:4)
  2 orc high priests (Orc:2)
  8 spriggan berserkers
  7 tengu warriors (Depths:3)
  12 hell knights
  Urug (D:13)
  Nergalle (Lair:2)
  22 deep elf knights
  6 iron trolls
  A shadow wraith (Vaults:3)
  10 sea snakes
  2 skeletal warriors
  A salamander mystic (Depths:4)
  4 unseen horrors
  7 glowing orange brains
  19 deep trolls
  9 flayed ghosts
  13 deep elf archers
  A glowing orange brain (shapeshifter) (Vaults:4)
  8 ironbrand convokers
  A torturous demonspawn (Depths:5)
  2 unseen horrors (shapeshifter) (Depths:2)
  10 wizards
  5 phantasmal warriors
  The ghost of Greboboi the Chopper, a novice MiFi (D:6)
  4 necromancers
  9 orb spiders
  63 deep elf magi
  A harpy (shapeshifter) (Depths:5)
  10 orc sorcerers
  28 wolf spiders
  5 harpies
  19 orc knights
  3 shining eyes
  6 fauns
  3 salamanders (Depths:4)
  7 elephants
  An elephant (shapeshifter) (Depths:1)
  6 moths of wrath
  38 ugly things
  11 manticores
  14 vault sentinels
  8 merfolk sirens
  2 black mambas
  7 cyclopes
  A guardian serpent (shapeshifter) (Vaults:4)
  A black mamba (shapeshifter) (Elf:2)
  The ghost of Mandevil the Skirmisher, a novice CeAE of Okawaru (D:7)
  A gargoyle (D:13)
  2 naga magi (D:15)
  An eye of devastation (Depths:1)
  A rust devil (Depths:5)
  4 torpor snails
  10 spiny frogs
  An orange demon (Depths:1)
  4 smoke demons
  A spiny frog (shapeshifter) (Depths:4)
  4 water nymphs
  An efreet (D:14)
  4 spectral swamp worms (Depths:5)
  A rime drake (shapeshifter) (Depths:1)
  2 rime drakes (Lair:1)
  2 hellions
  13 demonic crawlers
  61 yaktaurs
  5 freezing wraiths
  2 tengu conjurers
  15 polar bears
  27 jumping spiders
  A merfolk (shapeshifter) (Depths:2)
  A meliai (shapeshifter) (Vaults:2)
  3 trolls
  3 wind drakes
  A troll (shapeshifter) (D:13)
  19 merfolk
  2 hornets (shapeshifter)
  12 tyrant leeches
  22 hornets
  44 slime creatures
  A dream sheep (shapeshifter) (Depths:2)
  11 blink frogs
  A hippogriff (shapeshifter) (Depths:4)
  6 snapping turtles
  A dream sheep (Lair:6)
  9 hippogriffs
  A human simulacrum (Vaults:2)
  A raiju (shapeshifter) (Vaults:1)
  2 air elementals
  A centaur simulacrum (D:15)
  55 redbacks
  4 hogs (shapeshifter)
  3 shadows
  2 wraiths
  35 tarantellas
  A vampire (D:15)
  3 basilisks
  3 wyverns
  A hog (Spider:2)
  4 water elementals
  14 spriggans
  25 yaks
  2 fire elementals
  Eustachio (D:6)
  3 hungry ghosts
  10 golden eyes
  A human (Spider:2)
  Menkaure (D:4)
  A neqoxec (Depths:5)
  2 vampire mosquitoes (Spider:1)
  2 swamp worms (Spider:2)
  6 wargs
  4 acid dragons
  12 water moccasins
  A floating eye (Depths:1)
  7 hell hounds (D:13)
  Duvessa (D:6)
  3 porcupines
  5 ice beasts
  45 orc warriors
  4 sky beasts
  A black bear (shapeshifter) (Vaults:1)
  2 eyes of draining (Slime:2)
  4 necrophages
  An eye of draining (shapeshifter) (D:15)
  4 phantoms
  16 wolves
  34 ogres
  3 boggarts
  21 centaurs
  9 crocodiles
  2 crocodiles (shapeshifter)
  2 big kobolds
  An elf zombie (D:15)
  21 bullfrogs
  2 wyvern zombies
  Dowan (D:6)
  2 scorpions (D:10)
  A wyvern skeleton (D:9)
  A killer bee (D:9)
  7 wights
  5 jellies
  9 electric eels
  A troll skeleton (D:15)
  5 crimson imps
  A yaktaur simulacrum (Vaults:1)
  A bullfrog zombie (D:6)
  6 howler monkeys
  3 centaur zombies
  6 hounds
  3 human zombies (D:15)
  5 quasits
  2 iron imps
  14 orc priests
  26 orc wizards
  3 centaur skeletons
  4 iguanas
  15 worker ants
  A hound zombie (D:6)
  4 mummies (D:15)
  A worker ant zombie (D:11)
  8 adders
  3 gnolls (D:3)
  7 shadow imps
  10 white imps
  An ufetubus (Depths:5)
  2 oozes
  4 adder skeletons
  2 worms
  2 dart slugs
  3 leopard geckos
  87 orcs
  A ball python (D:3)
  2 giant cockroaches
  4 goblins
  5 hobgoblins
  4 jackals
  4 quokkas
  8 bats
  11 frilled lizards
  8 kobolds
  A leopard gecko skeleton (D:4)
  8 rats
  2 fungi
  2 plants (Lair:6)
  A spectral weapon (Lair:6)
1922 creatures vanquished.

Vanquished Creatures (collateral kills)
  An orb of fire (Zot:5)
  A juggernaut (Depths:3)
  6 Killer Klowns
  Saint Roka (Orc:2)
  A curse toe (Zot:4)
  A caustic shrike (Depths:2)
  7 golden dragons
  Nikola (Elf:2)
  Arachne (Spider:4)
  An electric golem (Zot:1)
  15 tentacled monstrosities
  4 titans
  10 Orb Guardians (Zot:5)
  5 quicksilver dragons
  4 death cobs
  Agnes (D:15)
  A sphinx (Vaults:5)
  A tengu reaver (Vaults:5)
  9 storm dragons
  4 shadow dragons
  5 draconian monks
  2 fire giants (Depths:2)
  9 frost giants
  2 iron dragons
  A draconian knight (Zot:4)
  8 draconian scorchers
  An orc warlord (Orc:1)
  6 vault wardens
  2 deep elf sorcerers (Elf:3)
  6 draconian shifters
  Louise (Spider:4)
  4 draconian stormcallers
  6 draconian annihilators
  6 stone giants
  A spriggan defender (Depths:3)
  2 very ugly things
  2 green draconians
  6 ironheart preservers
  3 entropy weavers
  A deep elf demonologist (Vaults:5)
  7 black draconians
  3 red draconians
  7 purple draconians
  5 deep elf annihilators
  9 white draconians
  2 yellow draconians
  2 spark wasps
  2 dire elephants (Lair:6)
  2 deep elf death magi (Elf:3)
  5 ettins
  2 merfolk javelineers (Shoals:4)
  2 fire dragons (Depths:5)
  2 deep elf high priests
  5 merfolk impalers
  2 great orbs of eyes
  2 ice dragons
  6 yaktaur captains (Vaults:5)
  2 rakshasas
  3 vault guards
  A monstrous demonspawn (Depths:3)
  A merfolk avatar (Shoals:1)
  3 hydras
  4 ogre magi
  A spriggan air mage (Depths:2)
  A death knight (Vaults:3)
  Erica (D:9)
  2 merfolk aquamancers (Shoals:4)
  An alligator snapping turtle (Shoals:4)
  A dancing weapon (Elf:2)
  5 two-headed ogres
  4 orc high priests
  A death yak (Lair:6)
  2 spriggan berserkers
  4 hell knights
  A skeletal warrior (Vaults:3)
  3 sea snakes (Shoals:4)
  3 deep trolls
  A glowing orange brain (Depths:3)
  3 lindwurms (Lair:6)
  6 ironbrand convokers
  9 harpies
  6 deep elf magi
  2 wizards
  9 orb spiders
  9 wolf spiders
  A wolf spider zombie (D:13)
  5 orc knights
  5 ugly things
  A mana viper (shapeshifter) (Depths:2)
  An orc sorcerer (Orc:2)
  3 necromancers
  3 manticores
  3 cyclopes
  2 fauns
  22 moths of wrath
  A wolf spider (shapeshifter) (Vaults:5)
  5 merfolk sirens
  9 elephants
  A smoke demon (Depths:3)
  7 vault sentinels
  4 water nymphs (Shoals:4)
  5 torpor snails
  2 black mambas
  5 spiny frogs
  13 yaktaurs
  A rime drake (Lair:1)
  A spectral swamp worm (Depths:5)
  2 komodo dragons (Lair:4)
  10 demonic crawlers
  2 trolls
  A meliai (shapeshifter) (Depths:2)
  A jumping spider (shapeshifter) (Depths:4)
  2 polar bears
  10 merfolk
  3 wind drakes
  4 jumping spiders
  9 hornets
  4 tyrant leeches
  4 blink frogs
  4 slime creatures
  5 snapping turtles
  Grinder (D:3)
  2 dream sheep (Lair:6)
  A spriggan (Depths:3)
  7 hippogriffs
  14 tarantellas
  A wyvern (Lair:4)
  3 yaks
  A ynoxinul (Zot:4)
  A hog (Spider:2)
  47 redbacks
  A water elemental (Shoals:1)
  The ghost of Trueduck the Changer, an amateur NaTm (D:4)
  A golden eye (shapeshifter) (Vaults:4)
  A human (Spider:2)
  A vampire mosquito (Spider:1)
  A basilisk (Lair:1)
  A swamp worm (Spider:2)
  Edmund (D:6)
  A soldier ant (D:11)
  A porcupine (Lair:4)
  6 water moccasins
  A floating eye (Depths:3)
  13 orc warriors
  13 ogres
  A sky beast (D:8)
  2 phantoms
  2 black bears
  An eye of draining (Depths:1)
  8 wolves
  2 centaurs
  5 crocodiles
  Blork the orc (Elf:3)
  4 big kobolds
  3 bullfrogs
  5 killer bees (D:9)
  2 electric eels
  4 hounds
  11 orc priests
  A centaur skeleton (D:6)
  5 orc wizards
  Jessica (D:3)
  An iguana (D:9)
  2 worker ants
  A hound skeleton (D:9)
  A hound zombie (D:7)
  A worker ant zombie (D:8)
  A gnoll (D:3)
  3 adders
  5 white imps (Lair:5)
  A worm (D:4)
  41 orcs
  4 hobgoblins
  A jackal (D:2)
  11 kobolds
  A leopard gecko zombie (D:5)
  A rat (shapeshifter) (Vaults:5)
  A rat (D:4)
  4 crawling corpses (Vaults:5)
  4 fungi
727 creatures vanquished.

Vanquished Creatures (others)
  A tengu reaver (Vaults:5)
  A deep elf sorcerer (Elf:3)
  A draconian scorcher (Zot:1)
  A deep elf high priest (Vaults:5)
  A yaktaur captain (Vaults:5)
  An orb spider (Spider:4)
  A deep elf mage (Elf:2)
  2 yaktaurs
  A hornet (Spider:4)
  3 dancing weapons
  A tarantella (Spider:4)
  An orc warrior (Vaults:5)
  A boggart (Depths:2)
  An orc priest (Vaults:5)
  An orc (Vaults:4)
  5 fungi
  15 plants
  75 spectral weapons
  12 toadstools (Lair:1)
125 creatures vanquished.

Grand Total: 2774 creatures vanquished

Notes
Turn   | Place    | Note
-------+----------+-------------------------------------------
     0 | D:1      | KapersCrawl the Gnoll Wizard began the quest for the Orb.
     0 | D:1      | Reached XP level 1. HP: 13/13 MP: 8/8
   181 | D:1      | Reached XP level 2. HP: 19/19 MP: 3/10
   286 | D:1      | Learned a level 2 spell: Call Imp
   289 | D:1      | Learned a level 2 spell: Blink
   667 | D:2      | Reached XP level 3. HP: 25/25 MP: 4/11
  1123 | D:2      | Found a shimmering altar of Xom.
  1170 | D:2      | Reached skill level 1 in Invocations
  1237 | D:2      | Learned a level 3 spell: Conjure Flame
  1241 | D:2      | Learned a level 3 spell: Mephitic Cloud
  1466 | D:2      | Reached skill level 1 in Fighting
  1466 | D:2      | Reached skill level 1 in Short Blades
  1466 | D:2      | Reached skill level 1 in Long Blades
  1466 | D:2      | Reached skill level 1 in Axes
  1466 | D:2      | Reached skill level 1 in Maces & Flails
  1466 | D:2      | Reached skill level 1 in Polearms
  1466 | D:2      | Reached skill level 1 in Staves
  1466 | D:2      | Reached skill level 1 in Slings
  1466 | D:2      | Reached skill level 1 in Bows
  1466 | D:2      | Reached skill level 1 in Crossbows
  1466 | D:2      | Reached skill level 1 in Throwing
  1466 | D:2      | Reached skill level 1 in Armour
  1466 | D:2      | Reached skill level 1 in Shields
  1466 | D:2      | Reached skill level 1 in Unarmed Combat
  1466 | D:2      | Reached skill level 1 in Evocations
  1499 | D:2      | Reached XP level 4. HP: 27/32 MP: 8/13
  1982 | D:3      | Noticed Jessica
  2019 | D:3      | Reached skill level 1 in Hexes
  2019 | D:3      | Reached skill level 1 in Charms
  2019 | D:3      | Reached skill level 1 in Necromancy
  2019 | D:3      | Reached skill level 1 in Transmutations
  2019 | D:3      | Reached skill level 1 in Fire Magic
  2019 | D:3      | Reached skill level 1 in Ice Magic
  2019 | D:3      | Reached skill level 1 in Air Magic
  2019 | D:3      | Reached skill level 1 in Earth Magic
  2019 | D:3      | Reached skill level 1 in Poison Magic
  2192 | D:3      | Killed Jessica
  2192 | D:3      | Reached XP level 5. HP: 29/37 MP: 10/14
  2362 | D:3      | Learned a level 2 spell: Sticks to Snakes
  2894 | D:3      | Noticed Grinder
  2928 | D:3      | Paralysed by Grinder for 3 turns
  2955 | D:3      | Killed Grinder
  2955 | D:3      | Reached XP level 6. HP: 27/44 MP: 1/16
  3394 | D:4      | Noticed Menkaure
  3459 | D:4      | Found an ornate altar of the Wu Jian Council.
  3597 | D:4      | Found a staircase to the Ecumenical Temple.
  3603 | Temple   | Entered the Ecumenical Temple
  3730 | Temple   | Became a worshipper of Kikubaaqudgha
  3867 | D:4      | Reached skill level 5 in Dodging
  3956 | D:4      | Found a runed translucent door.
  3962 | D:4      | Noticed Trueduck's ghost (amateur NaTm)
  4165 | D:4      | Noticed an ice beast
  4185 | D:4      | Killed an ice beast
  4185 | D:4      | Reached XP level 7. HP: 50/50 MP: 2/18
  4735 | D:4      | Found a glowing golden altar of the Shining One.
  4749 | D:4      | Found a runed translucent door.
  4750 | D:4      | Killed Menkaure
  4870 | D:4      | Found a hide-covered altar of Uskayaw.
  5011 | D:5      | Entered Level 5 of the Dungeon
  5168 | D:5      | Reached skill level 5 in Stealth
  5353 | D:2      | Learned a level 3 spell: Tukima's Dance
  5357 | D:2      | Learned a level 3 spell: Confuse
  5735 | D:5      | Found a white marble altar of Elyvilon.
  5999 | D:5      | Reached XP level 8. HP: 57/57 MP: 6/19
  6095 | D:5      | Reached * piety under Kikubaaqudgha
  6095 | D:5      | Identified Kikubaaqudgha's Collected Works on Black Magic
                  | (Kikubaaqudgha gifted it to you on level 5 of the Dungeon)
  6095 | D:5      | Received a gift from Kikubaaqudgha
  6137 | D:5      | Learned a level 3 spell: Regeneration
  6431 | D:6      | Noticed Edmund
  6766 | D:6      | Noticed Eustachio
  6878 | D:6      | Found a deep blue altar of Sif Muna.
  7107 | D:6      | Found a burning altar of Makhleb.
  7299 | D:6      | Found a large runed translucent door.
  7299 | D:6      | Found a large runed translucent door.
  7303 | D:6      | Noticed Greboboi's ghost (novice MiFi)
  7532 | D:6      | Noticed Dowan
  7535 | D:6      | Noticed Duvessa
  7540 | D:6      | Reached XP level 9. HP: 65/65 MP: 10/21
  7550 | D:6      | Killed Duvessa
  7569 | D:6      | Killed Dowan
  7586 | D:6      | Reached ** piety under Kikubaaqudgha
  7589 | D:6      | Killed Eustachio
  8114 | D:6      | Killed Greboboi's ghost
  8114 | D:6      | Reached skill level 6 in Stealth
  8296 | D:7      | Noticed Harold
  8583 | D:7      | Reached skill level 5 in Invocations
  9060 | D:7      | Reached XP level 10. HP: 60/73 MP: 15/22
  9227 | D:7      | Killed Harold
  9227 | D:7      | Reached skill level 5 in Fighting
  9227 | D:7      | Reached skill level 5 in Short Blades
  9227 | D:7      | Reached skill level 5 in Long Blades
  9227 | D:7      | Reached skill level 5 in Axes
  9227 | D:7      | Reached skill level 5 in Maces & Flails
  9227 | D:7      | Reached skill level 5 in Polearms
  9227 | D:7      | Reached skill level 5 in Staves
  9227 | D:7      | Reached skill level 5 in Slings
  9227 | D:7      | Reached skill level 5 in Bows
  9227 | D:7      | Reached skill level 5 in Crossbows
  9227 | D:7      | Reached skill level 5 in Throwing
  9227 | D:7      | Reached skill level 5 in Armour
  9227 | D:7      | Reached skill level 5 in Shields
  9227 | D:7      | Reached skill level 5 in Unarmed Combat
  9227 | D:7      | Reached skill level 5 in Evocations
  9426 | D:7      | Learned a level 4 spell: Summon Ice Beast
  9815 | D:7      | Found a runed translucent gate.
  9816 | D:7      | Found a runed translucent gate.
  9817 | D:7      | Found a runed translucent gate.
  9817 | D:7      | Found a roughly hewn altar of Beogh.
  9818 | D:7      | Noticed Mandevil's ghost (novice CeAE)
  9819 | D:7      | Identified the cursed +0 plate armour of Poor Excuses
                  | {Dex+3}
  9954 | D:7      | Found a stormy altar of Qazlal.
 10209 | D:8      | Found a radiant altar of Vehumet.
 10209 | D:8      | Found a deep blue altar of Sif Muna.
 10225 | D:8      | Found a glowing silver altar of Zin.
 10407 | D:8      | Noticed a two-headed ogre
 10422 | D:8      | Killed a two-headed ogre
 10422 | D:8      | Reached skill level 5 in Conjurations
 10422 | D:8      | Reached skill level 5 in Summonings
 10422 | D:8      | Reached skill level 5 in Translocations
 10593 | D:8      | Learned a level 1 spell: Animate Skeleton
 10641 | D:8      | Reached *** piety under Kikubaaqudgha
 10641 | D:8      | Identified Kikubaaqudgha's Volume of Necromancy
                  | (Kikubaaqudgha gifted it to you on level 8 of the Dungeon)
 10641 | D:8      | Received a gift from Kikubaaqudgha
 10855 | D:8      | Found a staircase to the Lair.
 11114 | D:9      | Reached skill level 7 in Stealth
 11309 | D:9      | Learned a level 4 spell: Animate Dead
 11381 | D:9      | Found an opulent altar of Gozag.
 11381 | D:9      | Found a sparkling altar of Nemelex Xobeh.
 11524 | D:9      | Reached XP level 11. HP: 81/81 MP: 14/24
 11651 | D:9      | Noticed Erica
 11662 | D:9      | Killed Erica
 11786 | D:9      | Found a snail-covered altar of Cheibriados.
 11973 | D:10     | Entered Level 10 of the Dungeon
 12096 | D:10     | Reached **** piety under Kikubaaqudgha
 12626 | D:10     | Reached skill level 5 in Hexes
 12626 | D:10     | Reached skill level 5 in Charms
 12626 | D:10     | Reached skill level 5 in Necromancy
 12626 | D:10     | Reached skill level 5 in Transmutations
 12626 | D:10     | Reached skill level 5 in Fire Magic
 12626 | D:10     | Reached skill level 5 in Ice Magic
 12626 | D:10     | Reached skill level 5 in Air Magic
 12626 | D:10     | Reached skill level 5 in Earth Magic
 12626 | D:10     | Reached skill level 5 in Poison Magic
 13086 | D:11     | Found a flickering gateway to a bazaar.
 13097 | Bazaar   | Entered a bazaar
 13114 | Bazaar   | Found Voddemm's Weapon Emporium.
 13129 | Bazaar   | Found Waedwot Zuoh's Assorted Antiques.
 13129 | Bazaar   | Found Livuof's Antique Weapon Shoppe.
 13150 | Bazaar   | Found Curehye's Antique Armour Shoppe.
 13165 | Bazaar   | Found Zasor Ipn's Gadget Shoppe.
 13213 | Bazaar   | Bought a faintly humming buckler for 351 gold pieces
 13227 | Bazaar   | Bought a bubbling coppery potion for 24 gold pieces
 13227 | Bazaar   | Bought a wand of paralysis (8) for 54 gold pieces
 13227 | Bazaar   | Bought a scroll of enchant armour for 202 gold pieces
 13269 | D:11     | Identified the +2 buckler of the Sun {rN+ Str+6 Int-3} (You
                  | bought it in a shop in a bazaar)
 13388 | D:11     | Noticed a cyclops
 13408 | D:11     | Killed a cyclops
 13446 | D:11     | Noticed a seven-headed hydra
 13464 | D:11     | Killed a seven-headed hydra
 13765 | D:11     | Noticed a brown ugly thing
 13781 | D:11     | Killed a brown ugly thing
 14021 | D:11     | Noticed a green ugly thing
 14028 | D:11     | Killed a green ugly thing
 14117 | D:11     | Found a staircase to the Orcish Mines.
 14581 | Lair:1   | Entered Level 1 of the Lair of Beasts
 15130 | Lair:1   | Reached ***** piety under Kikubaaqudgha
 15984 | Lair:1   | Reached skill level 8 in Stealth
 15984 | Lair:1   | Reached XP level 12. HP: 75/89 MP: 14/25
 16132 | Lair:1   | Noticed a catoblepas
 16132 | Lair:1   | Noticed a dire elephant
 16152 | Lair:1   | Found a runed translucent door.
 16444 | Lair:2   | Got a smelly ring mail
 16455 | Lair:2   | Identified the cursed +0 ring mail of Wasted Space {rCorr
                  | Str+3 SInv Stlth+} (You found it on level 2 of the Lair of
                  | Beasts)
 16551 | Lair:2   | Noticed Nergalle
 16568 | Lair:2   | Killed Nergalle
 16881 | Lair:2   | Reached skill level 10 in Spellcasting
 17856 | Lair:2   | Gained mutation: You are partially covered in thin metallic
                  | scales. (AC +2) [potion of mutation]
 17856 | Lair:2   | Gained mutation: You evolve. [potion of mutation]
 17856 | Lair:2   | Gained mutation: Your spells are a little harder to cast,
                  | but a little more powerful. [potion of mutation]
 17955 | Lair:3   | Learned a level 3 spell: Spectral Weapon
 18951 | Lair:3   | Noticed Snorg
 18988 | Lair:3   | Killed Snorg
 19254 | Lair:3   | Found a staircase to the Shoals.
 19951 | Lair:4   | Reached XP level 13. HP: 79/98 MP: 1/27
 20402 | Lair:4   | Reached skill level 9 in Stealth
 21183 | Lair:5   | Found a frozen archway.
 21250 | IceCv    | Entered an ice cave
 21488 | IceCv    | Reached ****** piety under Kikubaaqudgha
 21620 | IceCv    | Noticed a frost giant
 21719 | IceCv    | Killed a frost giant
 22327 | Lair:5   | Identified the +3 chain mail "Vifemos" {rElec MR+} (You
                  | found it on level 5 of the Lair of Beasts)
 22526 | Lair:5   | Found a viscous altar of Jiyva.
 22526 | Lair:5   | Found a staircase to the Slime Pits.
 22888 | Lair:6   | Entered Level 6 of the Lair of Beasts
 23578 | Lair:6   | Reached XP level 14. HP: 106/106 MP: 19/29
 23641 | Lair:6   | Noticed a dire elephant
 23648 | Lair:6   | Killed a dire elephant
 23801 | Lair:6   | Reached skill level 10 in Dodging
 23864 | Lair:6   | Noticed a dire elephant
 23878 | Lair:6   | Killed a dire elephant
 24136 | Lair:6   | Identified the +0 buckler of the Little Devil {MR+ Dex+3}
                  | (You found it on level 6 of the Lair of Beasts)
 24140 | Lair:6   | Identified the +6 rapier "Jellyslayer" {pierce, Str+7} (You
                  | found it on level 6 of the Lair of Beasts)
 24251 | Lair:6   | Gained mutation: Your skin changes colour to match your
                  | surroundings (Stealth+). [evolution]
 24485 | Lair:6   | Found a runed translucent door.
 24517 | Lair:6   | Reached skill level 10 in Stealth
 24849 | Lair:6   | Reached skill level 10 in Invocations
 25251 | D:7      | Killed Mandevil's ghost
 25307 | D:6      | Found a burning altar of Makhleb.
 25396 | D:6      | Killed Edmund
 25458 | D:4      | Killed Trueduck's ghost
 25478 | D:4      | Reached XP level 15. HP: 114/114 MP: 26/30
 25785 | D:12     | Learned a level 5 spell: Dispel Undead
 25856 | D:12     | Found a sacrificial altar of Ru.
 26300 | D:13     | Noticed Urug
 27234 | D:13     | Killed Urug
 27601 | D:13     | Reached XP level 16. HP: 122/122 MP: 31/31
 27753 | D:13     | Noticed Sonja
 27769 | D:13     | Banished Sonja
 28066 | Orc:1    | Entered Level 1 of the Orcish Mines
 28417 | Orc:2    | Entered Level 2 of the Orcish Mines
 28429 | Orc:2    | Noticed Saint Roka
 28712 | Orc:1    | Received a gift from Kikubaaqudgha
 29081 | Orc:2    | Killed Saint Roka
 29081 | Orc:2    | Reached skill level 10 in Fighting
 29081 | Orc:2    | Reached skill level 10 in Short Blades
 29081 | Orc:2    | Reached skill level 10 in Long Blades
 29081 | Orc:2    | Reached skill level 10 in Axes
 29081 | Orc:2    | Reached skill level 10 in Maces & Flails
 29081 | Orc:2    | Reached skill level 10 in Polearms
 29081 | Orc:2    | Reached skill level 10 in Staves
 29081 | Orc:2    | Reached skill level 10 in Slings
 29081 | Orc:2    | Reached skill level 10 in Bows
 29081 | Orc:2    | Reached skill level 10 in Crossbows
 29081 | Orc:2    | Reached skill level 10 in Throwing
 29081 | Orc:2    | Reached skill level 10 in Armour
 29081 | Orc:2    | Reached skill level 10 in Shields
 29081 | Orc:2    | Reached skill level 10 in Unarmed Combat
 29081 | Orc:2    | Reached skill level 10 in Evocations
 29222 | Orc:2    | Found a staircase to the Elven Halls.
 29323 | Orc:2    | Found Bugh's Assorted Antiques.
 29943 | Orc:1    | You fall into a shaft and drop 1 floor!
 30767 | Orc:2    | Reached skill level 11 in Stealth
 31013 | Orc:2    | Found Pesu's General Store.
 31014 | Orc:2    | Found Momaonuf's Book Shop.
 31015 | Orc:2    | Found Lyabb's Antique Armour Shop.
 31015 | Orc:2    | Found Ulutenk's Antique Weapon Boutique.
 31075 | Orc:2    | Bought a smoking robe for 176 gold pieces
 31075 | Orc:2    | Bought an embroidered cloak for 232 gold pieces
 31075 | Orc:2    | Identified the cursed +1 robe of Proximity {Int+2} (You
                  | bought it in a shop on level 2 of the Orcish Mines)
 31301 | D:14     | Found a gate to the Vaults.
 31508 | D:14     | Identified the +2 cloak of Ashenzari's Envy {Str+2} (You
                  | found it on level 14 of the Dungeon)
 31527 | D:14     | Gained mutation: Your spells are harder to cast, but more
                  | powerful. [evolution]
 31848 | D:14     | Found a stormy altar of Qazlal.
 32083 | D:14     | Found a blossoming altar of Fedhas.
 32154 | D:14     | Found a portal to a secret trove of treasure.
 32504 | D:15     | Entered Level 15 of the Dungeon
 32597 | D:15     | Found a basalt altar of Yredelemnul.
 32718 | D:15     | Noticed Nessos
 32761 | D:15     | Killed Nessos
 32837 | D:15     | Found a staircase to the Depths.
 32859 | D:15     | Noticed Agnes
 32872 | D:15     | Killed Agnes
 33764 | Lair:4   | Found a hole to the Spider Nest.
 33839 | Spider:1 | Entered Level 1 of the Spider Nest
 34050 | Spider:1 | Gained mutation: You are resistant to electric shocks.
                  | (rElec) [evolution]
 34311 | Spider:1 | Reached XP level 17. HP: 107/129 MP: 17/33
 35811 | Spider:2 | Gained mutation: You are resistant to hostile enchantments.
                  | (MR+) [evolution]
 36063 | Spider:2 | Identified the +4 plate armour of the Foremost Realms
                  | {Int+4} (You found it on level 2 of the Spider Nest)
 36161 | Spider:2 | Noticed Kirke
 36184 | Spider:2 | Noticed a sphinx
 36187 | Spider:2 | Killed Kirke
 37235 | Spider:3 | Reached skill level 12 in Stealth
 37383 | Spider:4 | Entered Level 4 of the Spider Nest
 37399 | Spider:4 | Noticed Louise
 37417 | Spider:4 | Killed Louise
 37572 | Spider:4 | Noticed Arachne
 37584 | Spider:4 | Reached skill level 10 in Conjurations
 37584 | Spider:4 | Reached skill level 10 in Summonings
 37584 | Spider:4 | Reached skill level 10 in Translocations
 37611 | Spider:4 | Killed Arachne
 37611 | Spider:4 | Reached XP level 18. HP: 106/138 MP: 5/35
 37726 | Spider:4 | Gained mutation: Your system is resistant to poisons.
                  | (rPois) [evolution]
 38145 | Spider:4 | Reached skill level 10 in Hexes
 38145 | Spider:4 | Reached skill level 10 in Charms
 38145 | Spider:4 | Reached skill level 10 in Necromancy
 38145 | Spider:4 | Reached skill level 10 in Transmutations
 38145 | Spider:4 | Reached skill level 10 in Fire Magic
 38145 | Spider:4 | Reached skill level 10 in Ice Magic
 38145 | Spider:4 | Reached skill level 10 in Air Magic
 38145 | Spider:4 | Reached skill level 10 in Earth Magic
 38145 | Spider:4 | Reached skill level 10 in Poison Magic
 38380 | Spider:4 | Got a gossamer rune of Zot
 38740 | Shoals:1 | Entered Level 1 of the Shoals
 39806 | Shoals:2 | Found Avim's Jewellery Shop.
 40039 | Shoals:2 | Gained mutation: You are partially covered in yellow
                  | scales. (AC +2) [evolution]
 40878 | Shoals:4 | Entered Level 4 of the Shoals
 41142 | Shoals:4 | Identified the +7 scimitar of the Absolute Madman {venom,
                  | rElec}
 41157 | Shoals:4 | Got a barnacled rune of Zot
 41263 | Shoals:4 | Reached XP level 19. HP: 100/146 MP: 36/36
 41504 | Shoals:4 | Identified the +8 triple crossbow of Eklaceuk {velocity,
                  | Str+3 Dex+2} (You found it on level 4 of the Shoals)
 42162 | Vaults:1 | Entered Level 1 of the Vaults
 42624 | Vaults:1 | Reached skill level 13 in Stealth
 42633 | Vaults:1 | Found Derrofis's Armour Shop.
 42642 | Vaults:1 | Bought a +0 pair of boots of running for 535 gold pieces
 43602 | Vaults:1 | Lost mutation: You evolve. [evolution]
 43613 | Vaults:1 | Found a runed translucent gate.
 43613 | Vaults:1 | Noticed milododd's ghost (adept DsNe)
 43614 | Vaults:1 | Found a runed translucent gate.
 43614 | Vaults:1 | Found a runed translucent gate.
 43615 | Vaults:1 | Identified the +9 plate armour of Vauchie {MR+}
 43615 | Vaults:1 | Identified the -3 shield of Miracles {Int+6}
 43617 | Vaults:1 | Identified the ring of Beauty {rElec Int+2}
 43950 | Vaults:1 | Learned a level 4 spell: Passage of Golubria
 44201 | Vaults:1 | Identified the +7 halberd of Kismet {flame, rF+ Dex+3}
 44203 | Vaults:1 | Found a roughly hewn altar of Beogh.
 44545 | Vaults:2 | Reached XP level 20. HP: 155/155 MP: 37/38
 44700 | Vaults:2 | Identified the Incunabulum of Clay and Benedictions
 44704 | Vaults:2 | Found a stormy altar of Qazlal.
 45258 | Vaults:2 | Identified the +0 large shield of Hangman {rN+ MR+} (You
                  | found it on level 2 of the Vaults)
 45890 | Vaults:2 | Found a staircase to the Crypt.
 46740 | Vaults:3 | Noticed Xtahua
 46750 | Vaults:3 | HP: 1/156 [Xtahua (10)]
 46954 | Vaults:3 | Killed Xtahua
 47143 | Vaults:3 | Reached XP level 21. HP: 127/162 MP: 39/39
 47977 | Vaults:4 | Reached skill level 14 in Stealth
 48149 | Vaults:4 | Noticed a golden dragon
 48173 | Vaults:4 | Noticed Jory
 48184 | Vaults:4 | Killed Jory
 48372 | Vaults:4 | Reached skill level 15 in Spellcasting
 48674 | Vaults:4 | Killed a golden dragon
 50244 | Crypt:1  | Entered Level 1 of the Crypt
 50543 | Orc:2    | Bought a book of Dreams for 900 gold pieces
 50549 | Orc:2    | Learned a level 5 spell: Borgnjor's Vile Clutch
 50625 | Elf:1    | Entered Level 1 of the Elven Halls
 50906 | Elf:1    | Reached skill level 15 in Invocations
 51191 | Elf:1    | Reached XP level 22. HP: 171/171 MP: 41/41
 51570 | Elf:1    | Found a runed translucent door.
 52369 | Elf:2    | Found a runed translucent gate.
 52369 | Elf:2    | Found a runed translucent gate.
 52371 | Elf:2    | Found a runed translucent gate.
 52788 | Elf:2    | Noticed Jorgrun
 52813 | Elf:2    | Killed Jorgrun
 52848 | Elf:2    | Noticed Nikola
 52870 | Elf:2    | Killed Nikola
 53145 | Elf:3    | Entered Level 3 of the Elven Halls
 53600 | Elf:3    | Noticed Blork the orc
 53605 | Elf:3    | Killed Blork the orc
 53610 | Elf:3    | Found a deep blue altar of Sif Muna.
 53894 | Elf:3    | HP: 5/173 [deep elf annihilator/crystal spear (39)]
 54536 | Depths:1 | Entered Level 1 of the Depths
 54568 | Depths:1 | Found Tuank's Magic Scroll Emporium.
 54576 | Depths:1 | Bought a scroll of enchant armour for 150 gold pieces
 54859 | Depths:1 | Found a one-way gate to the infinite horrors of the Abyss.
 54937 | Depths:1 | Reached skill level 15 in Dodging
 55040 | Depths:1 | Found Kunyafac's Jewellery Boutique.
 55040 | Depths:1 | Found Luude's Gadget Emporium.
 55041 | Depths:1 | Found Agefiti's Gadget Emporium.
 55655 | Depths:1 | Bought a scroll of enchant weapon for 150 gold pieces
 55655 | Depths:1 | Bought a scroll of enchant armour for 150 gold pieces
 55751 | Depths:1 | Found a gateway to Hell.
 56079 | Depths:1 | Reached skill level 15 in Stealth
 56333 | Depths:1 | Paralysed by a floating eye for 4 turns
 56347 | Depths:1 | Paralysed by a floating eye for 4 turns
 56451 | Depths:2 | Reached XP level 23. HP: 157/179 MP: 27/42
 56558 | Depths:2 | Noticed the Enchantress
 56616 | Depths:1 | Killed the Enchantress
 56927 | Depths:1 | Learned a level 6 spell: Iron Shot
 56934 | Depths:1 | Learned a level 6 spell: Deflect Missiles
 57324 | Depths:2 | Noticed a caustic shrike
 57350 | Depths:2 | Killed a caustic shrike
 57571 | Depths:2 | Identified Sif Muna's Volume of Creative Stones
 57911 | D:14     | You paid a toll of a +5 demon whip to enter a treasure
                  | trove
 57912 | Trove    | Entered a treasure trove
 57921 | Trove    | Got a pair of ancient boots
 57964 | D:14     | Identified the +1 pair of boots "Cutaugal" {rF+ Str+4} (You
                  | found it in a treasure trove)
 58116 | Depths:2 | Noticed a caustic shrike
 58125 | Depths:2 | Killed a caustic shrike
 58412 | Depths:2 | Reached skill level 15 in Fighting
 58412 | Depths:2 | Reached skill level 15 in Short Blades
 58412 | Depths:2 | Reached skill level 15 in Long Blades
 58412 | Depths:2 | Reached skill level 15 in Axes
 58412 | Depths:2 | Reached skill level 15 in Maces & Flails
 58412 | Depths:2 | Reached skill level 15 in Polearms
 58412 | Depths:2 | Reached skill level 15 in Staves
 58412 | Depths:2 | Reached skill level 15 in Slings
 58412 | Depths:2 | Reached skill level 15 in Bows
 58412 | Depths:2 | Reached skill level 15 in Crossbows
 58412 | Depths:2 | Reached skill level 15 in Throwing
 58412 | Depths:2 | Reached skill level 15 in Armour
 58412 | Depths:2 | Reached skill level 15 in Shields
 58412 | Depths:2 | Reached skill level 15 in Unarmed Combat
 58412 | Depths:2 | Reached skill level 15 in Evocations
 59093 | Depths:3 | Identified the amulet "Attiale" {rElec Regen+ MP-9 Int+10}
 59424 | Depths:3 | Reached XP level 24. HP: 164/188 MP: 15/43
 59686 | Depths:3 | Identified the +10 plate armour "Iwkittipt" {MR+ Str+2
                  | Dex+3} (You found it on level 3 of the Depths)
 59770 | Depths:3 | Noticed a juggernaut
 59791 | Depths:3 | Killed a juggernaut
 60055 | Depths:3 | Found a bloodstained altar of Trog.
 60132 | Depths:3 | Found a one-way gate leading to the halls of Pandemonium.
 60644 | Depths:3 | Reached skill level 16 in Stealth
 61220 | Depths:4 | Noticed Margery
 61230 | Depths:4 | Killed Margery
 61236 | Depths:4 | Noticed a juggernaut
 61249 | Depths:4 | Killed a juggernaut
 61406 | Depths:4 | Found a gateway to a ziggurat.
 61917 | Depths:5 | Entered Level 5 of the Depths
 61967 | Depths:5 | Noticed a juggernaut
 61985 | Depths:5 | Killed a juggernaut
 61985 | Depths:5 | Reached XP level 25. HP: 158/196 MP: 10/43
 62169 | Depths:5 | Gained mutation: You occasionally shout uncontrollably at
                  | your foes. [a neqoxec]
 62551 | Depths:5 | Found a gate to the Realm of Zot.
 62688 | Depths:5 | Reached skill level 17 in Stealth
 63301 | Depths:5 | Learned a level 6 spell: Death Channel
 64111 | Elf:3    | Identified the +2 leather armour of Merroep {MR- Str+6
                  | Dex-5 Stlth+}
 64292 | Elf:3    | Identified a scroll of acquirement
 64294 | Elf:3    | Got a pitted amber ring
 64295 | Elf:3    | Identified the ring of Geukeogu {rF+ Dex+4} (You acquired
                  | it on level 3 of the Elven Halls)
 64342 | Elf:3    | Identified Sif Muna's Collected Works on the Harmful
                  | Mountains
 64385 | Elf:3    | Identified the cursed +0 robe of Virog {*Corrode Int+4
                  | Dex+2 SInv} (You found it on level 3 of the Elven Halls)
 64388 | Elf:3    | Identified the +2 spear of Dividends {venom, rF- Str+10
                  | Int+5} (You found it on level 3 of the Elven Halls)
 64391 | Elf:3    | Identified the ring "Ycvoz" {rC+ Int+5 Dex+3} (You found it
                  | on level 3 of the Elven Halls)
 64872 | Slime:1  | Entered Level 1 of the Pits of Slime
 65597 | Vaults:1 | Killed milododd's ghost
 66028 | Vaults:5 | Entered Level 5 of the Vaults
 66036 | Vaults:5 | Reached XP level 26. HP: 173/205 MP: 5/44
 66344 | Vaults:5 | Reached skill level 18 in Stealth
 66422 | Vaults:5 | Noticed an ancient lich
 66444 | Vaults:5 | Killed an ancient lich
 66888 | Depths:2 | Learned a level 7 spell: Haunt
 67300 | Vaults:5 | Identified a +1 pair of boots of running (You found it on
                  | level 5 of the Vaults)
 67922 | Vaults:5 | Identified the amulet "Quhekk" {RegenMP rElec} (You found
                  | it on level 5 of the Vaults)
 67950 | Vaults:5 | Identified the amulet of Leaves {+Rage rC+ Dex+4 SInv} (You
                  | found it on level 5 of the Vaults)
 68053 | Vaults:5 | Got a silver rune of Zot
 68057 | Vaults:5 | Identified the Handbook of Moulding and the Birds
 68312 | Vaults:5 | Identified the +0 leather armour of Gravitas {Str+4} (You
                  | found it on level 5 of the Vaults)
 68745 | Zot:1    | Entered Level 1 of the Realm of Zot
 70233 | Zot:1    | Reached XP level 27. HP: 206/213 MP: 6/44
 70864 | Zot:2    | Identified the Incunabulum of Poisoning and Arcane Weapons
 71530 | Zot:2    | Reached skill level 19 in Stealth
 72381 | Zot:3    | Noticed an orb of fire
 72392 | Zot:3    | Killed an orb of fire
 72408 | Zot:3    | Reached skill level 15 in Conjurations
 72408 | Zot:3    | Reached skill level 15 in Summonings
 72408 | Zot:3    | Reached skill level 15 in Translocations
 73020 | Zot:4    | Upgraded the game from 0.24-a0-518-g9d8d8d5b78 to
                  | 0.24-a0-520-g8fd06ad0bc
 73125 | Zot:4    | Reached skill level 15 in Hexes
 73125 | Zot:4    | Reached skill level 15 in Charms
 73125 | Zot:4    | Reached skill level 15 in Necromancy
 73125 | Zot:4    | Reached skill level 15 in Transmutations
 73125 | Zot:4    | Reached skill level 15 in Fire Magic
 73125 | Zot:4    | Reached skill level 15 in Ice Magic
 73125 | Zot:4    | Reached skill level 15 in Air Magic
 73125 | Zot:4    | Reached skill level 15 in Earth Magic
 73125 | Zot:4    | Reached skill level 15 in Poison Magic
 73209 | Zot:4    | Identified Sif Muna's Handbook of Helpful Bewitchment
 73427 | Zot:5    | Entered Level 5 of the Realm of Zot
 73529 | Zot:5    | Found a runed translucent door.
 73530 | Zot:5    | Noticed Armakuni's ghost (legendary HuAr)
 73598 | Zot:5    | Killed Armakuni's ghost
 73897 | Zot:5    | Noticed an ancient lich
 73909 | Zot:5    | Killed an ancient lich
 73986 | Zot:5    | Noticed an orb of fire
 73988 | Zot:5    | Noticed an orb of fire
 74004 | Zot:5    | Gained mutation: Your magical capacity is low. (-10% MP)
                  | [an orb of fire]
 74009 | Zot:5    | Killed an orb of fire
 74009 | Zot:5    | Reached skill level 20 in Stealth
 74016 | Zot:5    | Killed an orb of fire
 74386 | Zot:5    | Noticed an ancient lich
 74391 | Zot:5    | Noticed an orb of fire
 74555 | Zot:5    | Killed an ancient lich
 74569 | Zot:5    | Noticed an orb of fire
 74570 | Zot:5    | Identified the +4 dragonskin cloak
 74570 | Zot:5    | Noticed Tiamat
 74896 | Zot:5    | Gained mutation: Your body sometimes deteriorates upon
                  | taking damage. [an orb of fire]
 74901 | Zot:5    | Gained mutation: You are weak. (Str -2) [an orb of fire]
 74904 | Zot:5    | Killed an orb of fire
 74983 | Zot:5    | Killed an orb of fire
 75082 | Zot:5    | Learned a level 1 spell: Apportation
 75083 | Zot:5    | Got the Orb of Zot
 75118 | Zot:5    | Noticed an ancient lich
 75123 | Zot:5    | Killed an ancient lich
 75722 | D:$      | Escaped with the Orb!

Levels and vault maps discovered:
D:1:      nicolae_arrival_somewhat_less_tricky_arrival, layout_rooms
D:2:      layout_loops_cross, lemuel_crystal_altar, serial_bayou_crossing
D:3:      layout_basic, dk_noncrumbling_3, chequers_serial_rivers_micro_e,
          uniq_grinder, uniq_jessica
D:4:      layout_cave_pods, kennysheep_mini, tso_metal_star, old_standard_altar,
          minmay_temple_entry_wispy, first_ration, ebering_ghost_sewer_f,
          uniq_menkaure
D:5:      kennysheep_spiral_hall, layout_loops_ring, elyvilon_altar_4
D:6:      layout_basic, bloody_makhleb, ebering_ghost_disaster_area,
          basic_altar, uniq_edmund, uniq_eustachio, uniq_duvessa
D:7:      layout_basic, marbit_many_paths, biasface_ghost_orc_armoury,
          serial_curves, eino_curves_02, eino_curves_03, the_bakery,
          st_stairs_11, grunt_ministairs_3, uniq_harold
D:8:      layout_rooms, zin_academy, chequers_temple_overflow_statue_of_worship,
          dpeg_oklobed_lair
D:9:      layout_roguey, grunt_temple_overflow_opulence, slow_altar_1,
          minmay_variable_closet, uniq_erica
D:10:     layout_loops_cross, kennysheep_another_room
D:11:     layout_grid_maze, david_orc_3, serial_shops, bzr_entry_customers,
          minmay_circle_x
D:12:     layout_gridville, basic_altar, minivault_20, kennysheep_dice
D:13:     layout_basic, minmay_rotating_lava, uniq_sonja, uniq_urug
D:14:     layout_layer_cave, erik_vaults_1, enter_trove_1, fedhas_altar_4,
          nicolae_qazlal_style_of_elements
D:15:     grunt_enter_depths_magical_seal, layout_irregular_city,
          lemuel_mausoleum_altar_yredelemnul, uniq_agnes, uniq_nessos
Temple:   nicolae_temple_figure_zero
Lair:1:   gammafunk_lair_enchanted_lake, layout_regular_city,
          nicolae_quartered_pool_super, serial_bayou_pond_a, wad_woods_river_03,
          lemuel_fruit_fields
Lair:2:   layout_roguey, serial_bayou_lake_a, lemuel_fruit_fields,
          lemuel_fruit_tree, uniq_nergalle
Lair:3:   layout_hall_layers, minmay_shoals_entry_beasts,
          infiniplex_staircase_pool_2, uniq_snorg
Lair:4:   layout_hall_layers, nicolae_spider_entry_orb_guardian
Lair:5:   layout_small_grid, slime_altar_1, portal_ice_cave_entry_imps
Lair:6:   wormcave, layout_big_grid, hangedman_lair_in_review
Shoals:1: layout_shoals, nicolae_shoals_stone_sculpture_thing
Shoals:2: layout_shoals, minmay_shop_enchanted_jewellery, overgrown_hall
Shoals:3: layout_shoals, nicolae_shoals_so_close
Shoals:4: shoals_end_simple, layout_shoals
Spider:1: layout_spider_delve, drop_trap, einodemon_crawler_minivault
Spider:2: layout_spider_delve, worms_lemuel, uniq_kirke
Spider:3: layout_spider_delve
Spider:4: guppyfry_spider_rune, drop_trap, uniq_louise, uniq_arachne
Slime:1:  layout_caves
Slime:2:  layout_caves
Orc:1:    layout_caves
Orc:2:    st_orc_congregation, layout_diamond_mine, serial_shops,
          nicolae_shop_stone, uniq_saint_roka
Elf:1:    layout_onion_city, hangedman_elven_crosses_minicolossus,
          grunt_ministairs_7, nrook_uturn, minivault_13
Elf:2:    layout_onion_city, hangedman_elven_pyramids, lemuel_elevator,
          uniq_nikola, uniq_jorgrun
Elf:3:    minmay_elf_hall_quartered_circle, layout_onion_city, tgw_sif
Vaults:1: biasface_vaults_ghost_orc_armoury, nicolae_vaults_big_ls,
          nicolae_vaults_network_periphery, hangedman_vaults_river_flow,
          v_misc_27, v_misc_4, v_misc_22, ontoclasm_vaults_spin,
          nicolae_vaults_fighting_squares, vaults_dpeg_ring,
          layout_vaults_maze_bifur, serial_shops, shop
Vaults:2: nicolae_vaults_disjoint_gnomons, minmay_crypt_entry_simple_walls,
          v_misc_32, v_pattern_2, ontoclasm_vaults_loading_screen,
          nicolae_vaults_little_squares_3, vaults_dpeg_cross,
          nicolae_vaults_branching_niches, hangedman_vaults_capsules,
          ontoclasm_vaults_misaligned, v_alt_pattern_5, v_misc_25,
          layout_vaults_ring, basic_altar
Vaults:3: v_misc_10, v_misc_30, vaults_room_stairs_pillars, v_misc_30, v_misc_1,
          nicolae_vaults_hallways_thing, vaults_room_semicircle,
          ontoclasm_vaults_eye, layout_vaults_omnicross, uniq_xtahua
Vaults:4: ontoclasm_vaults_shuriken, nicolae_vaults_what_the_h,
          nicolae_vaults_network_s, v_misc_19, nicolae_vaults_ring_of_whatevers,
          hangedman_vaults_unwind, vaults_dpeg_spiral, v_rooms_6,
          ontoclasm_vaults_twist, vaults_mumra_chevron_long, st_cells,
          grunt_vaults_diagonal, ontoclasm_vaults_chip, layout_vaults_omnibox,
          uniq_jory
Vaults:5
Crypt:1:  layout_catacombs, roderic_lattice_octagonal_star
Depths:1: layout_honeycomb, abyss_entry, serial_shops, nicolae_shop_trees,
          pf_coc_iceberg, minmay_door_square, minmay_statues_item,
          hangedman_eye_storm, minmay_shop_grove
Depths:2: hangedman_pleasuredromes, hell_entry, abyss_entry, uniq_enchantress
Depths:3: minmay_complete_graph, layout_basic, hell_entry, lemuel_round_altar,
          rand_demon_pan_entry_9, infiniplex_staircase_squiggle
Depths:4: minmay_the_grid_3x2 [minmay_the_grid_outer_circle,
          minmay_the_grid_dragon_a, minmay_the_grid_square_x,
          minmay_the_grid_all_tris, minmay_the_grid_eight,
          minmay_the_grid_prize_shrinking_boxes], layout_cave_pools,
          enter_ziggurat_e, hell_entry, roderic_roman_lattice, abyss_entry,
          uniq_margery
Depths:5: grunt_zot_entry_gee_three, layout_long_grid, grunt_pan_entry_spiral,
          pf_hell_entry_tar_river
Zot:1:    layout_gridville
Zot:2:    layout_gridlike, grunt_megastairs_4
Zot:3:    layout_basic
Zot:4:    layout_misc_corridors, st_small_dragon_hoard_1
Zot:5:    layout_twisted_circle, gammafunk_ghost_grave, uniq_tiamat

Skill      XL: |  1  2  3  4  5  6  7  8  9 10 11 12 13 14 15 16 17 18 19 20 21 22 23 24 25 26 27 |
---------------+----------------------------------------------------------------------------------+-----
Conjurations   | 2 3 4 5 6 7 8 9 10 11 12 13 14 15 | 15.6
Summonings     | 2 3 4 5 6 7 8 9 10 11 12 13 14 15 | 15.6
Translocations | 2 3 4 5 6 7 8 9 10 11 12 13 14 15 | 15.6
Invocations    | 1 2 3 4 5 6 7 8 9 10 11 12 13 14 15 16 17 18 19 | 19.3
Fighting       | 1 2 3 4 5 6 7 8 9 10 11 12 13 14 15 16 18 | 18.0
Short Blades   | 1 2 3 4 5 6 7 8 9 10 11 12 13 14 15 16 18 | 18.0
Long Blades    | 1 2 3 4 5 6 7 8 9 10 11 12 13 14 15 16 18 | 18.0
Axes           | 1 2 3 4 5 6 7 8 9 10 11 12 13 14 15 16 18 | 18.0
Maces & Flails | 1 2 3 4 5 6 7 8 9 10 11 12 13 14 15 16 18 | 18.0
Polearms       | 1 2 3 4 5 6 7 8 9 10 11 12 13 14 15 16 18 | 18.0
Staves         | 1 2 3 4 5 6 7 8 9 10 11 12 13 14 15 16 18 | 18.0
Slings         | 1 2 3 4 5 6 7 8 9 10 11 12 13 14 15 16 18 | 18.0
Bows           | 1 2 3 4 5 6 7 8 9 10 11 12 13 14 15 16 18 | 18.0
Crossbows      | 1 2 3 4 5 6 7 8 9 10 11 12 13 14 15 16 18 | 18.0
Throwing       | 1 2 3 4 5 6 7 8 9 10 11 12 13 14 15 16 18 | 18.0
Armour         | 1 2 3 4 5 6 7 8 9 10 11 12 13 14 15 16 18 | 18.0
Shields        | 1 2 3 4 5 6 7 8 9 10 11 12 13 14 15 16 18 | 18.0
Unarmed Combat | 1 2 3 4 5 6 7 8 9 10 11 12 13 14 15 16 18 | 18.0
Evocations     | 1 2 3 4 5 6 7 8 9 10 11 12 13 14 15 16 18 | 18.0
Hexes          | 1 2 3 4 5 6 7 8 9 10 11 12 13 14 15 | 15.5
Charms         | 1 2 3 4 5 6 7 8 9 10 11 12 13 14 15 | 15.5
Necromancy     | 1 2 3 4 5 6 7 8 9 10 11 12 13 14 15 | 15.5
Transmutations | 1 2 3 4 5 6 7 8 9 10 11 12 13 14 15 | 15.5
Fire Magic     | 1 2 3 4 5 6 7 8 9 10 11 12 13 14 15 | 15.5
Ice Magic      | 1 2 3 4 5 6 7 8 9 10 11 12 13 14 15 | 15.5
Air Magic      | 1 2 3 4 5 6 7 8 9 10 11 12 13 14 15 | 15.5
Earth Magic    | 1 2 3 4 5 6 7 8 9 10 11 12 13 14 15 | 15.5
Poison Magic   | 1 2 3 4 5 6 7 8 9 10 11 12 13 14 15 | 15.5
Dodging        | 5 6 7 8 9 10 11 12 13 14 15 16 17 18 | 18.4
Stealth        | 5 6 7 8 9 10 11 12 13 14 15 16 17 18 20 | 20.5
Spellcasting   | 8 9 10 11 12 13 14 15 16 17 18 | 18.9

Action                   |  1- 3 |  4- 6 |  7- 9 | 10-12 | 13-15 | 16-18 | 19-21 | 22-24 | 25-27 || total
-------------------------+-------+-------+-------+-------+-------+-------+-------+-------+-------++-------
Melee: Trident           |    16 |    24 |   108 |   331 |   527 |       |       |       |       ||  1006
       Bite              |     1 |     1 |    10 |    48 |    51 |    90 |    78 |   132 |   103 ||   514
       Long sword        |       |       |    20 |   204 |       |       |       |       |       ||   224
       Demon trident     |       |       |       |       |    45 |  1296 |  1183 |  1207 |   973 ||  4704
       Staff             |       |       |       |       |       |       |       |       |    63 ||    63
 Cast: Magic Dart        |    66 |    88 |   162 |   327 |   104 |     4 |       |       |       ||   751
       Call Imp          |    11 |    23 |    30 |       |       |       |       |       |       ||    64
       Blink             |     1 |     1 |     2 |     1 |     1 |     2 |       |     2 |     2 ||    12
       Sticks to Snakes  |       |     8 |    17 |     3 |    10 |       |       |       |       ||    38
       Conjure Flame     |       |     3 |    16 |    46 |    23 |     2 |     1 |     7 |     2 ||   100
       Confuse           |       |       |     3 |       |       |       |       |       |       ||     3
       Mephitic Cloud    |       |       |     3 |     6 |     1 |       |     3 |     5 |     2 ||    20
       Summon Ice Beast  |       |       |       |    60 |    46 |    60 |    25 |     8 |       ||   199
       Tukima's Dance    |       |       |       |     8 |     9 |     2 |     4 |     5 |       ||    28
       Animate Skeleton  |       |       |       |    29 |    35 |    42 |    34 |    52 |    14 ||   206
       Animate Dead      |       |       |       |    24 |    38 |   119 |    88 |    54 |    69 ||   392
       Regeneration      |       |       |       |     9 |    13 |    50 |    74 |    62 |    86 ||   294
       Spectral Weapon   |       |       |       |       |    61 |   150 |   114 |    86 |    27 ||   438
       Dispel Undead     |       |       |       |       |     1 |       |    13 |    10 |     7 ||    31
       Passage of Golubr |       |       |       |       |       |       |     6 |     1 |       ||     7
       Borgnjor's Vile C |       |       |       |       |       |       |       |    44 |   106 ||   150
       Iron Shot         |       |       |       |       |       |       |       |     6 |    10 ||    16
       Deflect Missiles  |       |       |       |       |       |       |       |     3 |    10 ||    13
       Death Channel     |       |       |       |       |       |       |       |       |    69 ||    69
       Haunt             |       |       |       |       |       |       |       |       |   179 ||   179
       Apportation       |       |       |       |       |       |       |       |       |     1 ||     1
Invok: Receive Corpses   |       |       |       |       |     9 |    35 |    35 |    20 |    20 ||   119
       Torment           |       |       |       |       |     3 |     7 |     6 |     4 |       ||    20
       Receive Necronomi |       |       |       |       |       |     1 |       |       |       ||     1
 Abil: Evoke Flight      |       |       |       |     1 |     6 |       |       |       |       ||     7
       Evoke Invisibilit |       |       |       |       |       |       |     5 |       |     1 ||     6
Evoke: Wand              |       |       |       |       |       |     3 |     4 |     4 |    11 ||    22
       Staff of energy   |       |       |       |       |       |       |       |       |   445 ||   445
       Lamp of fire      |       |       |       |       |       |       |       |       |     3 ||     3
       Box of beasts     |       |       |       |       |       |       |       |       |     2 ||     2
  Use: Potion            |       |     1 |       |     3 |     1 |     2 |     5 |     5 |     5 ||    22
       Scroll            |       |    11 |     7 |    20 |     8 |    14 |    12 |    18 |    16 ||   106
 Stab: Distracted        |       |     1 |     2 |     7 |    19 |    41 |    15 |    31 |    56 ||   172
       Sleeping          |       |     1 |     3 |     2 |    14 |    49 |    20 |    21 |     7 ||   117
       Confused          |       |       |       |     5 |     1 |     1 |     1 |     3 |     1 ||    12
       Invisible         |       |       |       |       |       |       |    12 |       |     2 ||    14
  Eat: Chunk             |     2 |     8 |    14 |    52 |    36 |    57 |    55 |    28 |    17 ||   269
       Ration            |       |       |       |     1 |       |     2 |       |     4 |    20 ||    27
Armor: Robe              |     2 |    14 |     1 |       |       |    20 |       |       |       ||    37
       Leather armour    |       |       |    35 |    79 |    17 |       |       |       |       ||   131
       Ring mail         |       |       |       |    42 |    68 |    28 |       |       |       ||   138
       Chain mail        |       |       |       |       |       |   296 |   180 |    57 |       ||   533
       Gold dragon scale |       |       |       |       |       |       |       |    56 |       ||    56
       Acid dragon scale |       |       |       |       |       |       |       |    92 |   193 ||   285
Dodge: Dodged            |    25 |    20 |    63 |   272 |   167 |   451 |   239 |   315 |   615 ||  2167
       Deflected         |       |       |       |       |       |       |       |    43 |   132 ||   175
Block: Buckler           |       |       |    26 |   130 |   101 |   284 |   210 |   209 |   294 ||  1254
       Rpst.: Long sword |       |       |     3 |    37 |       |       |       |       |       ||    40

Table legend:
 A = Non-vault XP
 B = Vault XP
 C = Vault XP percentage of total XP
 D = Non-vault monster count
 E = Vault monster count
 F = Vault count percentage of total count
                 A         B        C        D         E       F
            +---------+---------+-------+---------+---------+-------
      Total |  731900 |  805003 |  52.4 |    1631 |    1004 |  38.1
            +---------+---------+-------+---------+---------+-------
        D:1 |      25 |       0 |   0.0 |      15 |       0 |   0.0
        D:2 |      67 |       0 |   0.0 |      23 |       0 |   0.0
        D:3 |     115 |     174 |  60.2 |      24 |       2 |   7.7
        D:4 |     485 |     312 |  39.1 |      23 |       4 |  14.8
        D:5 |     378 |     150 |  28.4 |      17 |       3 |  15.0
        D:6 |    1225 |    1034 |  45.8 |      28 |       5 |  15.2
        D:7 |     749 |    2419 |  76.4 |      19 |      17 |  47.2
        D:8 |    1549 |       0 |   0.0 |      19 |       0 |   0.0
        D:9 |    1973 |     670 |  25.3 |      43 |       2 |   4.4
       D:10 |    1430 |       0 |   0.0 |      22 |       0 |   0.0
       D:11 |    2995 |     882 |  22.7 |      34 |      11 |  24.4
       D:12 |    2977 |    1860 |  38.5 |      16 |       5 |  23.8
       D:13 |    7519 |    6912 |  47.9 |      38 |      16 |  29.6
       D:14 |    6052 |    1808 |  23.0 |      24 |       2 |   7.7
       D:15 |   11794 |    9882 |  45.6 |      32 |      25 |  43.9
     Lair:1 |    2146 |    1501 |  41.2 |      15 |       7 |  31.8
     Lair:2 |    2459 |     735 |  23.0 |      12 |       1 |   7.7
     Lair:3 |    6090 |    1628 |  21.1 |      36 |       3 |   7.7
     Lair:4 |    6691 |     605 |   8.3 |      27 |       1 |   3.6
     Lair:5 |    8410 |      88 |   1.0 |      32 |      12 |  27.3
     Lair:6 |    5508 |   14513 |  72.5 |      20 |      38 |  65.5
   Shoals:1 |   10932 |       0 |   0.0 |      29 |       0 |   0.0
   Shoals:2 |    8280 |    1076 |  11.5 |      20 |       1 |   4.8
   Shoals:3 |    6144 |     180 |   2.8 |      13 |       1 |   7.1
   Shoals:4 |   12175 |   15427 |  55.9 |      34 |      33 |  49.3
   Spider:1 |   21797 |    1298 |   5.6 |      79 |       6 |   7.1
   Spider:2 |   14900 |    6595 |  30.7 |      45 |      22 |  32.8
   Spider:3 |   13699 |       0 |   0.0 |      58 |       0 |   0.0
   Spider:4 |   13823 |   26168 |  65.4 |      57 |      43 |  43.0
    Slime:2 |    9264 |       0 |   0.0 |      16 |       0 |   0.0
      Orc:1 |    3611 |    2350 |  39.4 |      35 |      12 |  25.5
      Orc:2 |    2337 |   11576 |  83.2 |      23 |      59 |  72.0
      Elf:1 |   16303 |   17048 |  51.1 |      21 |      25 |  54.3
      Elf:2 |    9497 |   26872 |  73.9 |      18 |      30 |  62.5
      Elf:3 |   17298 |   43194 |  71.4 |      25 |      32 |  56.1
   Vaults:1 |   31852 |   36979 |  53.7 |      60 |      66 |  52.4
   Vaults:2 |   33833 |   42982 |  56.0 |      73 |      54 |  42.5
   Vaults:3 |   35800 |   13071 |  26.7 |      58 |      15 |  20.5
   Vaults:4 |   30162 |   44573 |  59.6 |      54 |      59 |  52.2
   Vaults:5 |   12769 |   99837 |  88.7 |      35 |      91 |  72.2
   Depths:1 |   25194 |   13304 |  34.6 |      30 |      19 |  38.8
   Depths:2 |    3569 |   89297 |  96.2 |       8 |      96 |  92.3
   Depths:3 |   46124 |   38022 |  45.2 |      60 |      28 |  31.8
   Depths:4 |   19881 |   40046 |  66.8 |      27 |      27 |  50.0
   Depths:5 |   62876 |   31981 |  33.7 |      65 |      36 |  35.6
      Zot:1 |   50015 |       0 |   0.0 |      42 |       0 |   0.0
      Zot:2 |   26831 |    5935 |  18.1 |      29 |       6 |  17.1
      Zot:3 |   53739 |       0 |   0.0 |      41 |       0 |   0.0
      Zot:4 |   44755 |    4135 |   8.5 |      38 |       3 |   7.3
      Zot:5 |   23803 |  139309 |  85.4 |      19 |      51 |  72.9
      IceCv |       0 |    8575 | 100.0 |       0 |      35 | 100.0
            +---------+---------+-------+---------+---------+-------
